 Dungeon Crawl Stone Soup version 0.28.0 (webtiles) character file.

Game seed: 6369964149639091785

741 Akaron the Sneak (level 7, -4/46 HPs)
             Began as an Octopode Warper on Feb 13, 2022.
             Shot with an arrow by a centaur (11 damage)
             ... on level 8 of the Dungeon.
             The game lasted 00:16:25 (7796 turns).

Akaron the Sneak (Octopode Warper)                  Turns: 7796, Time: 00:16:25

Health: -4/46      AC:  1    Str: 12    XL:     7   Next: 75%
Magic:  9/11       EV: 14    Int: 15    God:
Gold:   205        SH:  0    Dex: 12    Spells: 3/12 levels left

rFire   . . .      SeeInvis .   a - +0 hand axe
rCold   . . .      Faith    .   (no shield)
rNeg    + . .      Spirit   .   (helmet restricted)
rPois   .          Reflect  .   (no amulet)
rElec   .          Harm     .   h - ring of positive energy
rCorr   .          Rampage  .   (no ring)
Will    .....                   (no ring)
Stlth   ++++......              (no ring)
HPRegen 0.15/turn               (no ring)
MPRegen 0.12/turn               (no ring)
                                (no ring)
                                (no ring)

@: no status effects
A: almost no armour, amphibious, 8 rings, camouflage 1, gelatinous body 1,
(nimble swimmer 1), tentacles
a: no special abilities


You were on level 8 of the Dungeon.
You visited 1 branch of the dungeon, and saw 8 of its levels.

You collected 205 gold pieces.

Inventory:

Hand Weapons
 a - a +0 hand axe (weapon)
Missiles
 c - 8 boomerangs of dispersal
 q - 5 atropa-tipped darts
Magical Staves
 u - a staff of poison
Jewellery
 h - a ring of positive energy (left tentacle)
Scrolls
 b - 3 scrolls of blinking
 d - a scroll of enchant weapon {unknown}
 e - 2 scrolls of summoning {unknown}
 g - a scroll of fear {unknown}
 i - 2 scrolls of torment {unknown}
 k - 4 scrolls of identify {unknown}
 r - a scroll of immolation {unknown}
 s - a scroll of vulnerability {unknown}
 t - 2 scrolls of teleportation {unknown}
 w - a scroll of noise {unknown}
 x - a scroll of fog {unknown}
Potions
 f - 2 potions of berserk rage {unknown}
 j - 3 potions of heal wounds {unknown}
 l - a potion of magic {unknown}
 m - 3 potions of brilliance {unknown}
 n - 2 potions of haste {unknown}
 o - 2 potions of curing {unknown}
 p - a potion of flight {unknown}
 v - a potion of attraction {unknown}


   Skills:
 + Level 3.3 Fighting
 + Level 4.3 Axes
 + Level 1.0 Throwing
 + Level 3.5 Dodging
 + Level 6.4 Stealth
 + Level 3.2 Spellcasting
 + Level 0.8 Conjurations
 + Level 3.8 Translocations
 + Level 0.9 Fire Magic


You had 3 spell levels left.
You knew the following spells:

 Your Spells              Type           Power      Damage    Failure   Level
a - Blink                 Tloc           26%        N/A       6%          2
b - Gell's Gravitas       Tloc           13%        N/A       12%         3
c - Lesser Beckoning      Tloc           13%        N/A       12%         3
d - Foxfire               Conj/Fire      20%        2x1d5     14%         1

Your spell library contained the following spells:

 Spells                   Type           Power      Damage    Failure   Level
 Apportation              Tloc           26%        N/A       4%          1
 Teleport Other           Tloc           13%        N/A       12%         3
 Shock                    Conj/Air       12%        1d3       17%         1
 Animate Skeleton         Necr           4%         N/A       21%         1
 Summon Small Mammal      Summ           8%         N/A       21%         1
 Conjure Flame            Conj/Fire      5%         6-21      38%         3
 Inner Flame              Hex/Fire       3%         N/A       43%         3
 Manifold Assault         Tloc           13%        N/A       75%         5
 Flame Wave               Conj/Fire      5%         2d5       80%         4
 Cause Fear               Hex            1%         N/A       89%         4
 Dragon Form              Tmut           1%         N/A       100%        7
 Dragon's Call            Summ           1%         N/A       100%        9


Dungeon Overview and Level Annotations

Branches:
Dungeon (8/15)
 Temple: D:4-7         Lair: D:8-11

Altars:
Ashenzari
Hepliaklqana
Nemelex Xobeh
Yredelemnul
The Shining One

Annotations:
D:6 3 runed translucent doors, mfcas's ghost, novice TrMo
D:8 Maurice


Innate Abilities, Weirdness & Mutations

You cannot wear most types of armour.
You are amphibious.
You can wear up to eight rings at the same time.
Your skin changes colour to match your surroundings (Stealth+).
Your rubbery body absorbs attacks. (AC +1, EV +1)
((You are camouflaged when in or above water. (Stealth+)))
You have tentacles for arms and can constrict up to eight enemies at once.


Message History

The centaur shoots an arrow.
The arrow barely misses you.
The shadow imp shouts!
You hear a shout! x2
Maurice and an orc come into view.
Maurice is wielding a +4 dagger of venom, wearing a +2 cloak of willpower and carrying a wand of flame (12).
The orc warrior shouts!
You hear a shout!
An orc comes into view. It is wielding a +0 dagger.
The orc shouts!
You hit the centaur. You tentacle-slap the centaur. You squeeze the centaur!
The centaur is severely wounded.
You hit the shadow imp.
The centaur unwields a +0 shortbow.
The centaur closely misses you. The centaur kicks you.
A centaur comes into view.
The shadow imp barely misses you.
The centaur wields a +0 shortbow.
The centaur shoots an arrow.
The arrow closely misses you. The centaur hits you.
The centaur completely misses you.
Casting: Blink (safe; 6% risk of failure)
Confirm with . or Enter, or press ? or * to list all spells.
You blink.
The centaur wields a +0 shortbow.
The centaur shoots an arrow.
The arrow closely misses you.
The centaur unwields a +0 shortbow.
The centaur misses you. The centaur closely misses you.
The centaur wields a +0 shortbow.
The centaur shoots an arrow.
The arrow closely misses you.
Maurice mumbles some strange words.
Maurice puts on a burst of speed!
The centaur shoots an arrow.
The arrow hits you!
The centaur shoots an arrow.
The arrow misses you.
Maurice zaps a wand.
The puff of flame hits you!
* * * LOW HITPOINT WARNING * * *
The centaur shoots an arrow.
The arrow barely misses you.
The centaur shoots an arrow.
The arrow misses you.
Maurice zaps a wand.
The puff of flame hits you!
* * * LOW HITPOINT WARNING * * *
The centaur shoots an arrow.
The arrow closely misses you.
You feel stable enough to blink again.
Maurice mumbles some strange words.
Maurice flickers and vanishes!
Deactivating autopickup; reactivate with Ctrl-A.
The centaur shoots an arrow.
The arrow closely misses you.
The centaur shoots an arrow.
The arrow barely misses you.
The centaur shoots an arrow.
The arrow hits you!
You die...

.. #......# .
#.......##......# .
#..............# ..
#...........<..+ ...
#........#.....##...
#........#..........
#........#.#........
#........#.#........
#..@....c...........
##......#..c.#......
#...o.##....#$.....
#....c##..o.#......
#.....o.o5......##.
#.....o.........# .
#................
#...#........##...
#...##+##....# ...


You could see 2 centaurs and 3 orcs.

Vanquished Creatures
  2 ogres
  A necrophage (D:6)
  A water moccasin skeleton (D:7)
  A howler monkey (D:4)
  A hound (D:5)
  A bullfrog zombie (D:6)
  2 orc priests
  A centaur skeleton (D:4)
  3 iguanas (D:6)
  A scorpion zombie (D:5)
  5 adders
  2 ufetubi (D:6)
  A worm (D:2)
  4 dart slugs (D:1)
  7 orcs
  7 ball pythons
  7 bats
  6 endoplasms
  4 giant cockroaches
  2 goblins (D:4)
  6 hobgoblins
  A jackal (D:2)
  8 quokkas
  A frilled lizard (D:2)
  7 kobolds
  4 rats
86 creatures vanquished.

Vanquished Creatures (others)
  49 foxfires
  A plant (D:2)
50 creatures vanquished.

Grand Total: 136 creatures vanquished

Notes
Turn   | Place    | Note
-------+----------+-------------------------------------------
     0 | D:1      | Akaron the Octopode Warper began the quest for the Orb.
     0 | D:1      | Reached XP level 1. HP: 14/14 MP: 3/3
   163 | D:1      | Reached skill level 1 in Stealth
   163 | D:1      | Reached XP level 2. HP: 17/19 MP: 5/5
   215 | D:1      | Learned a level 2 spell: Blink
   813 | D:1      | Reached XP level 3. HP: 18/24 MP: 6/6
   817 | D:1      | Learned a level 3 spell: Gell's Gravitas
  1344 | D:2      | Reached skill level 2 in Stealth
  1505 | D:2      | Found a hazy altar of Hepliaklqana.
  1654 | D:2      | Reached XP level 4. HP: 28/30 MP: 7/7
  1980 | D:2      | Found a faded altar of an unknown god.
  1988 | D:2      | Got Plato's Incunabulum of Flight
  2797 | D:3      | Reached skill level 3 in Stealth
  3515 | D:4      | Noticed an ogre
  3601 | D:4      | Found a glowing golden altar of the Shining One.
  3620 | D:4      | Reached XP level 5. HP: 13/35 MP: 8/8
  3980 | D:4      | Learned a level 3 spell: Lesser Beckoning
  4113 | D:4      | Reached skill level 4 in Stealth
  4295 | D:4      | Found a basalt altar of Yredelemnul.
  4295 | D:4      | Found a sparkling altar of Nemelex Xobeh.
  4419 | D:5      | Entered Level 5 of the Dungeon
  4440 | D:5      | Noticed an ogre
  4761 | D:6      | Noticed a cyclops
  4761 | D:6      | Noticed mfcas's ghost (novice TrMo)
  4762 | D:6      | Noticed an ogre
  4767 | D:6      | Found a runed translucent gate.
  4767 | D:6      | Found a runed translucent gate.
  4767 | D:6      | Found a runed translucent gate.
  4914 | D:6      | Reached skill level 5 in Stealth
  4914 | D:6      | Reached XP level 6. HP: 41/41 MP: 9/9
  5204 | D:6      | Noticed a necrophage
  5214 | D:6      | Killed a necrophage
  5843 | D:6      | Learned a level 1 spell: Foxfire
  6260 | D:4      | Reached skill level 6 in Stealth
  6260 | D:4      | Reached XP level 7. HP: 46/46 MP: 0/10
  6425 | D:5      | Found a broken altar of Ashenzari.
  7754 | D:7      | Noticed a two-headed ogre
  7786 | D:8      | Noticed Maurice
  7796 | D:8      | Shot with an arrow by a centaur

Illustrated notes

Levels and vault maps discovered:
D:1:      lemuel_arrival_funnel, layout_basic
D:2:      layout_loops_ring, basic_altar, shapermc_ecumenical_altar_rom_forum,
          minmay_pentomino_z2
D:3:      layout_basic, minmay_between
D:4:      layout_loops_ring, mainiacjoe_overflow_boulevard,
          gammafunk_temple_overflow_wave, dk_noncrumbling_2, st_stairs_6,
          nicolae_figureground_pulse
D:5:      layout_loops_ring, nicolae_overflow_crystal_walls, temple_statues
D:6:      layout_basic, gammafunk_ghost_split
D:7:      layout_rooms, chequers_serial_rivers_room_a
D:8:      layout_basic, mainiacjoe_overflow_six_doors_small, uniq_maurice

Skill      XL: |  1  2  3  4  5  6  7 |
---------------+----------------------+-----
Stealth        | 1 2 3 5 6 |  6.4
Axes           | 3 4 |  4.3
Dodging        | 3 |  3.5
Fighting       | 3 |  3.3
Spellcasting   | 3 |  3.2
Throwing       | |  1.0
Conjurations   | |  0.8
Translocations | |  3.8
Fire Magic     | |  0.9

Action                   |  1- 3 |  4- 6 |  7- 9 || total
-------------------------+-------+-------+-------++-------
Melee: Hand axe          |    58 |   108 |    31 ||   197
       Constrict         |    17 |    27 |     6 ||    50
       Tentacles         |    10 |    40 |     8 ||    58
       Punch             |     1 |     1 |     1 ||     3
 Cast: Gell's Gravitas   |     2 |     2 |     3 ||     7
       Foxfire           |       |    16 |    11 ||    27
       Blink             |       |     8 |     9 ||    17
 Stab: Sleeping          |    10 |    17 |     3 ||    30
       Distracted        |       |     1 |       ||     1
Armor: Skin              |     5 |     3 |     2 ||    10
Dodge: Dodged            |    35 |    75 |    37 ||   147
